 Dungeon Crawl Stone Soup version 0.29-a0-362-g5854e031c7 (webtiles) character file.

Game seed: 17769713464120848459

44 thiscave3701365 the Chopper (level 3, 0/33 HPs)
             Began as a Minotaur Berserker on Apr 29, 2022.
             Was a Follower of Trog.
             Slain by a gnoll
             ... wielding a +0 halberd
              (14 damage)
             ... on level 2 of the Dungeon.
             The game lasted 00:02:28 (1969 turns).

thiscave3701365 the Chopper (Minotaur Berserker)    Turns: 1969, Time: 00:02:29

Health: 0/33       AC:  2    Str: 23    XL:     3   Next: 41%
Magic:  2/2        EV: 12    Int:  4    God:    Trog [*.....]
Gold:   119        SH:  0    Dex:  9    Spells: 2/2 levels left

rFire   . . .      SeeInvis .   a - +0 hand axe
rCold   . . .      Faith    .   (no shield)
rNeg    . . .      Spirit   .   l - +0 robe
rPois   .          Reflect  .   k - +0 hat
rElec   .          Harm     .   (no cloak)
rCorr   .          Rampage  .   (no gloves)
Will    .....                   (no boots)
Stlth   +.........              (no amulet)
HPRegen 0.11/turn               (no ring)
MPRegen 0.08/turn               (no ring)

@: no status effects
A: horns 2, retaliatory headbutt
a: Renounce Religion, Berserk


You were on level 2 of the Dungeon.
You worshipped Trog.
Trog was aware of your devotion.
You visited 1 branch of the dungeon, and saw 2 of its levels.

You collected 119 gold pieces.

Inventory:

Hand Weapons
 a - a +0 hand axe (weapon)
Armour
 k - a +0 hat (worn)
 l - a +0 robe (worn)
Jewellery
 i - a ring of poison resistance
 m - a ring of willpower
Scrolls
 b - a scroll of identify {unknown}
 c - 2 scrolls of fog {unknown}
 d - a scroll of enchant weapon {unknown}
 e - a scroll of teleportation {unknown}
 h - a scroll of fear {unknown}
 j - a scroll of magic mapping {unknown}
 n - a scroll of immolation {unknown}
 p - a scroll of silence {unknown}
 q - a scroll of blinking {unknown}
Potions
 f - a potion of brilliance {unknown}
 g - a potion of lignification {unknown}
 o - a potion of flight {unknown}


   Skills:
 - Level 4.1 Fighting
 + Level 4.4 Axes
 - Level 3.0 Armour
 - Level 2.7 Dodging


You had 2 spell levels left.
You didn't know any spells.
Your spell library was empty.

Dungeon Overview and Level Annotations

Branches:
Dungeon (2/15)

Altars:


Innate Abilities, Weirdness & Mutations

You have a pair of horns on your head.
You reflexively headbutt those who attack you in melee.


Message History

You miss the adder. The adder bites you.
An adder is nearby!
Unknown command.
You hit the adder. Your headbutt misses the adder.
The adder is lightly wounded.
The adder bites you. The adder barely misses you. You furiously retaliate!
You headbutt the adder.
An adder is nearby!
Unknown command.
An adder is nearby!
You slash the adder!
You kill the adder!
Trog accepts your kill.
Unknown command.
Key pressed, stopping explore.
No target in view!
Unknown command.
No target in view!
Unknown command.
You open the door. 3 gnolls come into view.
The gnoll shouts! x2
A gnoll comes into view. It is wielding a +0 spear.
The gnoll hits you from afar with a +0 halberd!
Found a kite shield.
Found a stone staircase leading down.
The gnoll shouts!
The gnoll closely misses you.
There is an open door here.
There are monsters nearby!
Unknown command.
You barely miss the gnoll. The gnoll hits you with a +0 halberd!
The gnoll closely misses you.
There are monsters nearby!
Unknown command.
You hit the gnoll.
The gnoll is lightly wounded.
The gnoll hits you with a +0 halberd.
The gnoll hits you from afar with a +0 halberd!
You die...

#.# #.# #.# ##+# #.#
#...# ##.## .....#
###...# ......#
##.##..#####
>......####..........###
....gg.@................
..[..gg####....#.###.###
......# ##.#...# #.#
.....# ###.### #.# #...#
#.#####.# ##+# #.......#
..# #.####### #.# #.#
##.## #.#


You could see 4 gnolls.

Vanquished Creatures
  2 adders (D:2)
  An orc (D:2)
  3 bats (D:2)
  3 endoplasms
  2 goblins (D:1)
  A hobgoblin (D:1)
  3 jackals (D:2)
  A kobold (D:1)
  7 ball pythons
  2 rats
25 creatures vanquished.

Notes
Turn   | Place    | Note
-------+----------+-------------------------------------------
     0 | D:1      | thiscave3701365 the Minotaur Berserker began the quest for
                  | the Orb.
     0 | D:1      | Reached XP level 1. HP: 19/19 MP: 0/0
   317 | D:1      | Reached XP level 2. HP: 20/27 MP: 1/1
  1532 | D:2      | Reached XP level 3. HP: 31/33 MP: 2/2
  1969 | D:2      | Slain by a gnoll

Illustrated notes

Levels and vault maps discovered:
D:1:      lightli_arrival_boilingwater, layout_basic
D:2:      layout_loops_corners

Skill      XL: |  1  2 |
---------------+-------+-----
Fighting       | 4 |  4.1
Axes           | 4 |  4.4
Armour         | 3 |  3.0
Dodging        | |  2.7

Action                   || total
-------------------------++-------
Melee: Hand axe          ||    52
       Headbutt          ||     3
Invok: Berserk           ||     1
Armor: Animal skin       ||     1
       Robe              ||     9
Dodge: Dodged            ||    45

Table legend: (Time is in decaauts)
 A = Elapsed time spent in this place.
 B = Non-inter-level travel time spent in this place.
 C = Inter-level travel time spent in this place.
 D = Time resting spent in this place.
 E = Time spent auto-exploring this place.
 F = Levels seen in this place.
 G = Mean time per level.
                   A        B        C        D        E       F      G
               +--------+--------+--------+--------+--------+-----+--------+
         Total |   1986 |   1929 |     57 |    535 |   1241 |   2 |  993.0 |
       Dungeon |   1986 |   1929 |     57 |    535 |   1241 |   2 |  993.0 |
               +--------+--------+--------+--------+--------+-----+--------+

Top non-repeatable levels by time:
     D:1: 1069 daAuts
     D:2: 917 daAuts
